 Dungeon Crawl Stone Soup version 0.21-a0-265-gb353147 (webtiles) character file.

977 S4m the Magician (level 7, -4/55 HPs)
             Began as a Mummy Wizard on Sept 11, 2017.
             Was a Follower of Vehumet.
             Slain by a killer bee (5 damage)
             ... on level 7 of the Dungeon.
             The game lasted 00:16:54 (11874 turns).

S4m the Magician (Mummy Wizard)                    Turns: 11874, Time: 00:16:55

Health: -4/55      AC:  5    Str: 10    XL:     7   Next: 95%
Magic:  11/15      EV: 12    Int: 19    God:    Vehumet [*.....]
Gold:   216        SH:  0    Dex: 11    Spells: 2/17 levels left

rFire    x . .     SeeInvis .   i - +2 mace (protect)
rCold    + + .     Gourm    .   (no shield)
rNeg     + + +     Faith    .   a - +0 robe
rPois    ∞         Spirit   .   l - +0 helmet
rElec    .         Reflect  .   (no cloak)
rCorr    +         Harm     .   k - +1 pair of gloves
MR       .....                  (no boots)
Stlth    ++........             B - amulet of magic regeneration
HPRegen  0.18/turn              w - ring of protection from cold
MPRegen  0.39/turn              u - ring of resist corrosion

@: about to teleport
A: no food or potions, fire vulnerability, cold resistance 1, negative energy
resistance 3, torment resistance, unbreathing
a: Renounce Religion


You were on level 7 of the Dungeon.
You worshipped Vehumet.
Vehumet was aware of your devotion.
You were not hungry.

You visited 2 branches of the dungeon, and saw 8 of its levels.

You collected 216 gold pieces.

Inventory:

Hand Weapons
 d - a +0 dagger
 e - a +0 short sword of draining
 f - a +0 hunting sling
 i - a +2 mace of protection (weapon)
 q - a -1 dagger
Missiles
 g - 148 stones (quivered)
 z - a throwing net
 A - 5 poisoned javelins
Armour
 a - a +0 robe (worn)
 b - a +0 hat
 j - a +1 pair of gloves
 k - a +1 pair of gloves (worn)
 l - a +0 helmet (worn)
 y - a +0 pair of boots
Jewellery
 m - an uncursed ring of poison resistance
 u - a ring of resist corrosion (right hand)
 w - a ring of protection from cold (left hand)
 B - an amulet of magic regeneration (around neck)
Wands
 p - a wand of random effects (7/48)
 v - a wand of random effects (5/48)
 D - a wand of polymorph (16/24)
Scrolls
 n - a scroll of magic mapping
 r - 2 scrolls of remove curse
 s - a scroll of amnesia
 t - a scroll of recharging
 x - a scroll of fog {unknown}
Books
 c - a book of Minor Magic

   Spells                             Type                      Level
   a - Magic Dart                     Conjuration                  1
   b - Blink                          Translocation                2
   c - Call Imp                       Summoning                    2
   d - Slow                           Hexes                        2
   e - Conjure Flame                  Conjuration/Fire             3
   f - Mephitic Cloud                 Conjuration/Poison/Air       3
 C - a book of Conjurations

   Spells                             Type                      Level
   a - Magic Dart                     Conjuration                  1
   b - Searing Ray                    Conjuration                  2
   c - Dazzling Spray                 Conjuration/Hexes            3
   d - Fulminant Prism                Conjuration/Hexes            4
   e - Force Lance                    Conjuration/Translocation    4
   f - Iskenderun's Mystic Blast      Conjuration                  4


   Skills:
 - Level 4.4 Fighting
 - Level 3.5 Maces & Flails
 - Level 1.5 Dodging
 - Level 1.5 Stealth
 - Level 5.9 Spellcasting
 + Level 3.1 Conjurations
 - Level 2.9 Summonings
 - Level 0.7 Translocations


You had 2 spell levels left.
You knew the following spells:

 Your Spells              Type           Power        Failure   Level  Hunger
a - Magic Dart            Conj           ###.         3%          1    N/A
b - Call Imp              Summ           ###.....     4%          2    N/A
c - Mephitic Cloud        Conj/Pois/Air  #.......     22%         3    N/A
d - Conjure Flame         Conj/Fire      ##......     19%         3    N/A
e - Blink                 Tloc           N/A          13%         2    N/A
f - Slow                  Hex            #.......     17%         2    N/A
g - Searing Ray           Conj           ###...       4%          2    N/A

Dungeon Overview and Level Annotations

Branches:
Dungeon (7/15)             Temple (1/1) D:4

Altars:
Ashenzari
Cheibriados
Dithmenos
Elyvilon
Fedhas
Gozag
Hepliaklqana
Kikubaaqudgha
Makhleb
Nemelex Xobeh
Okawaru
Qazlal
Sif Muna
Trog
Uskayaw
Vehumet
Wu Jian
Xom
Yredelemnul
Zin
The Shining One

Annotations:
D:5 2 transporters


Innate Abilities, Weirdness & Mutations

You do not eat or drink.
Your flesh is vulnerable to fire.
You are immune to poison.
Your flesh is cold resistant. (rC+)
You are immune to negative energy. (rN+++)
You are immune to unholy pain and torment.
You can survive without breathing.


Message History

Unknown command.
Unknown command.
Okay, then.
As you read the scroll of teleportation, it crumbles to dust.
You feel strangely unstable. The killer bee stings you.
* * * LOW HITPOINT WARNING * * *
The killer bee stings you.
* * * LOW HITPOINT WARNING * * *
The killer bee stings your crimson imp.
Your crimson imp is poisoned.
The killer bee poisons your crimson imp!
The killer bee stings you but does no damage.
The killer bee closely misses you. The killer bee stings your crimson imp!
Your crimson imp misses the killer bee.
Your crimson imp blinks!
Your crimson imp closely misses the killer bee.
Unknown command.
You swap places.
The killer bee misses your crimson imp. The killer bee stings you.
You die...

## .. .....
#..... # .
.....# ######
##
.....#########
≈#
.......5..?..#
≈# #.........#
⌠# #.........#
## #5y...†...#
#yy§......#
#.5@......#
###########


You could see 3 killer bees and 3 friendly crimson imps.

Vanquished Creatures
  3 bullfrogs
  A water moccasin zombie (D:6)
  A crimson imp (D:5)
  A centaur zombie (D:5)
  2 bullfrog zombies
  A jelly (D:6)
  3 worker ants
  An iguana (D:6)
  4 adders
  A shadow imp (D:6)
  A worm (D:2)
  2 dart slugs (D:1)
  5 leopard geckos
  4 orcs
  2 ball pythons (D:3)
  2 giant cockroaches
  12 goblins
  4 hobgoblins (D:2)
  A jackal (D:6)
  3 quokkas
  4 bats
  2 frilled lizards
  4 kobolds
  A leopard gecko zombie (D:5)
  A quokka skeleton (D:4)
  3 rats (D:1)
69 creatures vanquished.

Vanquished Creatures (collateral kills)
  A sky beast (D:6)
  A big kobold (D:7)
  A killer bee (D:7)
  A howler monkey (D:5)
  A crimson imp (D:5)
  4 hounds
  An iguana (D:6)
  5 worker ants
  Robin (D:2)
  6 adders
  An ooze (D:1)
  3 worms
  A leopard gecko (D:5)
  12 orcs
  3 bats
  4 giant cockroaches
  11 goblins
  5 hobgoblins
  A jackal (D:6)
  2 quokkas
  A ball python skeleton (D:4)
  2 frilled lizards
  2 kobolds
  A quokka zombie (D:5)
  2 rats (D:1)
73 creatures vanquished.

Grand Total: 142 creatures vanquished

Notes
Turn   | Place    | Note
-------+----------+-------------------------------------------
     0 | D:1      | S4m the Mummy Wizard began the quest for the Orb.
     0 | D:1      | Reached XP level 1. HP: 13/13 MP: 5/5
   141 | D:1      | Reached skill level 1 in Conjurations
   392 | D:1      | Reached XP level 2. HP: 19/19 MP: 4/7
   530 | D:1      | Learned a level 2 spell: Call Imp
   555 | D:1      | Reached skill level 1 in Summonings
  1951 | D:1      | Reached XP level 3. HP: 23/24 MP: 0/9
  3966 | D:2      | Noticed Robin
  3998 | D:3      | Reached skill level 5 in Spellcasting
  4179 | D:2      | Reached XP level 4. HP: 30/30 MP: 0/11
  4189 | D:2      | Killed Robin
  4748 | D:3      | Found a sparkling altar of Nemelex Xobeh.
  4814 | D:3      | Found a faded altar of an unknown god.
  5152 | D:3      | Found an iron altar of Okawaru.
  5203 | D:3      | Learned a level 3 spell: Mephitic Cloud
  5207 | D:3      | Learned a level 3 spell: Conjure Flame
  5210 | D:3      | Learned a level 2 spell: Blink
  5213 | D:3      | Learned a level 2 spell: Slow
  5890 | D:3      | Found a bloodstained altar of Trog.
  5892 | D:3      | Found a burning altar of Makhleb.
  6866 | D:4      | Reached XP level 5. HP: 32/35 MP: 5/13
  6946 | D:4      | Found a staircase to the Ecumenical Temple.
  6953 | Temple   | Entered the Ecumenical Temple
  7015 | Temple   | Became a worshipper of Vehumet
  7667 | D:4      | Found an ancient bone altar of Kikubaaqudgha.
  7745 | D:5      | Entered Level 5 of the Dungeon
  7881 | D:5      | Reached skill level 1 in Fighting
  8127 | D:5      | Found a transporter.
  8145 | D:5      | Found a transporter.
  8183 | D:5      | Found a hide-covered altar of Uskayaw.
  8227 | D:5      | Reached skill level 1 in Maces & Flails
  8283 | D:5      | Reached XP level 6. HP: 27/44 MP: 10/14
  8739 | D:5      | Found a hazy altar of Hepliaklqana.
  9053 | D:5      | Reached XP level 7. HP: 38/52 MP: 15/15
  9478 | D:6      | Found a glowing golden altar of the Shining One.
 10580 | D:6      | Found an opulent altar of Gozag.
 10611 | D:6      | Learned a level 2 spell: Searing Ray
 11470 | D:7      | Found a snail-covered altar of Cheibriados.
 11523 | D:7      | Reached * piety under Vehumet
 11523 | D:7      | Offered knowledge of Sting by Vehumet.
 11873 | D:7      | HP: 1/55 [killer bee (4)]
 11874 | D:7      | Slain by a killer bee

Vault maps used:
D:1:      lightli_arrival_maybe_door_vault
D:2:      first_bread, uniq_robin
D:3:      okawaru_gym_becter, grunt_temple_overflow_diamond,
          chequers_ecumenical_altar_simple_redux
D:4:      kiku_gazebo_garden_becter, minmay_temple_entry_glassed_door
D:5:      gammafunk_steamed_eel, kennysheep_little_box, marbit_many_paths
D:6:      nicolae_gozag_seed_capital, kennysheep_mini, kennysheep_flooded_box
D:7:      basic_altar, grunt_livestock, cheibrodos_worm_habitat
Temple:   minmay_temple_bridge_abc

Skill      XL: |  1  2  3  4  5  6  7 |
---------------+----------------------+-----
Conjurations   | 1 3 |  3.1
Summonings     | 1 2 |  2.9
Spellcasting   | 5 |  5.9
Fighting       | 1 3 4 |  4.4
Maces & Flails | 1 2 3 |  3.5
Dodging        | |  1.5
Stealth        | |  1.5
Translocations | |  0.7

Action                   |  1- 3 |  4- 6 |  7- 9 || total
-------------------------+-------+-------+-------++-------
Melee: Dagger            |    37 |    33 |       ||    70
       Mace              |       |   146 |    89 ||   235
       Short sword       |       |     5 |       ||     5
Throw: Stone             |     1 |       |       ||     1
 Cast: Magic Dart        |    63 |    21 |     5 ||    89
       Call Imp          |    37 |    74 |    54 ||   165
       Searing Ray       |       |       |     2 ||     2
       Conjure Flame     |       |       |     1 ||     1
  Use: Scroll            |       |     9 |     4 ||    13
 Stab: Sleeping          |     1 |     2 |     1 ||     4
       Distracted        |       |     1 |       ||     1
Armor: Robe              |    18 |    78 |    58 ||   154
Dodge: Dodged            |    34 |   155 |   101 ||   290

Table legend:
 A = Spawn XP
 B = Non-spawn XP
 C = Spawn XP percentage of total XP
 D = Spawn monster count
 E = Non-spawn monster count
 F = Spawn count percentage of total count
 G = Total turns spent on level
                    A         B        C        D         E        F      G
               +---------+---------+-------+---------+---------+-------+---------
         Total |       0 |    1397 |   0.0 |       0 |     142 |   0.0 | 11874
               +---------+---------+-------+---------+---------+-------+---------
           D:1 |       0 |      45 |   0.0 |       0 |      25 |   0.0 |  2516
           D:2 |       0 |      57 |   0.0 |       0 |      28 |   0.0 |  2021
           D:3 |       0 |      75 |   0.0 |       0 |      24 |   0.0 |  1478
           D:4 |       0 |      87 |   0.0 |       0 |      16 |   0.0 |  1646
           D:5 |       0 |     499 |   0.0 |       0 |      17 |   0.0 |  1535
           D:6 |       0 |     344 |   0.0 |       0 |      21 |   0.0 |  1866
           D:7 |       0 |     290 |   0.0 |       0 |      11 |   0.0 |   728
               +---------+---------+-------+---------+---------+-------+---------
